Mecha, lawful female human Samurai -------- ------- |......- ......| |......| #----------------------- -------- |.....| |...>..-###########|.-..|..|..-....-..|..| |..-...| |.....| |......| #..|..|..|..|....| .|..| G|..|...| |.....| |......| ##|.----|-----....----|--+-----...| +..<..| |......| |......................@..@...[.. |.....| ----|--- |.-|-----+--.......--|----|--...| ---.--- # |.|..|..| |......{|....| @.|...| # # |.|..|.. |...%h..|daa.|m%.|...| ### |.----|-----.......|.@@a|%%!|...| # |..........%..{....|.a..|%%m|...| ### |.------+--------.----------|...| # # |.-.?*.| |(((@-.+G |(((.|....## # |.|.[[/| |.)(.|.| |(((.-...| # # ---.--- |.|"%.)| |(.((|.| |(.@.|...| ### ......| |.---------------.-----------...| # # |.....| |...............................| ######......| --------------------------------- ------- Mecha the Kunoichi Experience level: 6 Strength: 18/02 Dexterity: 16 Constitution: 18 Intelligence: 8 Wisdom: 7 Charisma: 7 Health: 0(64) Energy: 18(18) Def: 6 Gold: 545 Moves: 2422 Dungeon seed: kybT00ByWLnIiX84 Game ID: Mecha_1478282918 Your Inventory: Coins $ - 545 gold pieces Amulets i - an uncursed amulet of ESP (being worn) Weapons a - a +0 katana (weapon in hand) b - a +0 wakizashi (alternate weapon; not wielded) c - a +0 yumi d - 31 +0 ya (in quiver) m - 6 cursed -2 ya s - 10 +0 arrows t - a +0 spear Armor e - an uncursed rustproof +0 splint mail (being worn) Y - a cursed -1 pair of gauntlets of fumbling Comestibles g - an uncursed egg h - an uncursed cream pie j - an uncursed tin of goblin meat l - an uncursed gunyoki q - 2 uncursed fortune cookies R - an uncursed giant beetle corpse Scrolls A - an uncursed scroll of magic mapping Potions o - an uncursed potion of extra healing r - an uncursed potion of acid x - an uncursed potion of sleeping D - an uncursed potion of confusion F - an uncursed potion of levitation Rings k - an uncursed ring of shock resistance (on left hand) G - an uncursed ring of slow digestion (on right hand) Tools f - an uncursed blindfold u - an uncursed skeleton key v - a blessed partly used tallow candle (0:89) K - 7 uncursed wax candles (0:400) M - an uncursed oil lamp (0:1440) Gems n - 2 uncursed amethyst stones y - 2 uncursed worthless pieces of yellowish brown glass z - 2 uncursed worthless pieces of violet glass N - an uncursed worthless piece of blue glass Spells and supernatural/magical abilities: Name Level Category Fail Memory k - knock 1 matter 100% 96% m - magic missile 2 attack 100% 96% W - pray for help -- divine ? -- Your skills at the end: Fighting Skills martial arts [Basic] Weapon Skills short sword [Basic] long sword [Basic] bow [Basic] Spellcasting Skills Final Attributes: You were piously aligned. You were shock resistant. You were confused. You were telepathic. You had slower digestion. You were fast. You were lucky. You are dead. Vanquished creatures: a small mimic a giant beetle a giant spider an orc mummy a gnome mummy 3 apes 5 gnome lords 3 gnomish wizards a kobold mummy 2 dwarf zombies a hobbit 3 giant rats a red mold 22 gnomes 6 jackals a fox 4 goblins a bat 3 lichens 2 kobold zombies 3 newts 66 creatures vanquished. Voluntary challenges: You had been an atheist until turn 2098. You used a wielded weapon 83 times, starting on turn 31. You read items or engraved 3 times, starting on turn 1468. You never genocided any monsters. You never polymorphed an object. You never changed form. You used no wishes. You never split a pudding. You never wrote Elbereth's name. You violated your moral code, losing 21 points of alignment, starting on turn 968. Dungeon overview: The Dungeons of Doom: levels 1 to 3 Level 1 a fountain a long staircase Level 2 a fountain Level 3 some fountains stairs to The Gnomish Mines The Gnomish Mines: levels 4 to 7 Level 4 stairs to The Dungeons of Doom Level 5 Level 6 Level 7 <- You were here many shops, a temple to Amaterasu Omikami, some fountains History has recorded: On T:1 you entered the Dungeons of Doom to retrieve the Amulet of Yendor! On T:301 you reached level 2 of The Dungeons of Doom. On T:545 you advanced to experience level 2. On T:718 you reached level 3 of The Dungeons of Doom. On T:968 you advanced to experience level 3. On T:1036 you reached level 1 of The Gnomish Mines. On T:1118 you advanced to experience level 4. On T:1420 you reached level 2 of The Gnomish Mines. On T:1421 you advanced to experience level 5. On T:1730 you reached level 3 of The Gnomish Mines. On T:1814 you advanced to experience level 6. On T:1843 you reached level 4 of The Gnomish Mines. Score breakdown: Gold: 545 ( 9310 points) Experience: 6 levels (12456 points) Exploration: 7 levels ( 15.56%) (11078 points) Discoveries: 7 items ( 2.85%) ( 5060 points) Valuables value: (no points given unless you survive) Artifact value: 0 ( 0 points) Variety of kills: 21 monsters ( 5.51%) ( 7043 points) Turncount: 2422 turns ( -283 points) Survival: died (score multiplied by 80%) Total score: 35731 Latest messages: You see here a giant beetle corpse. R - a giant beetle corpse. "The food's not fit for Orcs!" "My feet hurt, I've been on them all day!" The priestess of Raijin intones: "Pilgrim, you enter a sacred place!" You have a strange forbidding feeling... You see here a cursed stone called loadstone. Your sacrifice is consumed in a flash of light! You sense a conflict between Amaterasu Omikami and Raijin. You feel the power of Amaterasu Omikami increase. The altar glows white. The priestess of Raijin gets angry! You hit the priestess of Raijin! The priestess of Raijin hurls a sky blue potion! The flagon crashes on your head and breaks into shards. You feel somewhat dizzy. (You can name a sky blue potion from the item naming menu.) You hit the priestess of Raijin. The priestess of Raijin wields a mace! The mace welds itself to the priestess of Raijin's hand! The priestess of Raijin kicks! The priestess of Raijin casts a spell! The priestess of Raijin summons insects! You die... Final status: Sayonara Mecha the Samurai, killed by a priestess of Raijin... You died in The Gnomish Mines on dungeon level 7 with 35731 points, and 545 pieces of gold, after 2422 moves. You were level 6 with a maximum of 64 hit points when you died.